 Dungeon Crawl Stone Soup version 0.19.0 (webtiles) character file.

279 AlphabetPasta the Covered (level 6, -2/37 HPs)
             Began as a Tengu Fighter on Nov 7, 2016.
             Killed from afar by Natasha (6 damage)
             ... with a magic dart
             ... on level 3 of the Dungeon.
             The game lasted 00:08:38 (2205 turns).

AlphabetPasta the Covered (Tengu Fighter)           Turns: 2205, Time: 00:08:39

Health: -2/37      AC:  7    Str: 22    XL:     6   Next: 26%
Magic:  7/7        EV:  8    Int:  8    God:
Gold:   183        SH: 10    Dex: 15    Spells: 0 memorised, 5 levels left

rFire  + . .     SeeInvis .     a - +1 long sword
rCold  + . .     Gourm    .     b - +0 scale mail
rNeg   . . .     Faith    .     c - +0 shield
rPois  +         Spirit   .     (helmet restricted)
rElec  +         Reflect  .     (no cloak)
rCorr  +         Harm     .     (no gloves)
MR     .....                    (boots unavailable)
Stlth  ..........               (no amulet)
                                (no ring)
                                (no ring)

@: mighty, lethally poisoned (-2 -> -4), resistant, very slightly contaminated,
slowed, invisible (expiring), very slow
A: beak, talons 3, able to fly 1
a: Fly


You were on level 3 of the Dungeon.
You were hungry.

You visited 1 branch of the dungeon, and saw 3 of its levels.

You collected 183 gold pieces.

Inventory:

Hand Weapons
 a - a +1 long sword (weapon)
Armour
 b - a +0 scale mail (worn)
 c - a +0 shield (worn)
Jewellery
 m - an uncursed ring of ice {unknown}
Wands
 e - a wand of random effects (15/48)
Potions
 d - 3 potions of might
 g - a potion of brilliance
 h - a potion of flight
Comestibles
 f - a bread ration
 j - 3 chunks of flesh
 n - a meat ration


   Skills:
 + Level 3.6 Fighting
 * Level 4.0 Long Blades
 + Level 2.2 Throwing
 + Level 4.3 Armour
 + Level 1.9 Dodging
 + Level 3.7 Shields


You had 5 spell levels left.
You didn't know any spells.

Dungeon Overview and Level Annotations

Branches:
Dungeon (3/15)

Altars:
Ru

Annotations:
D:3 Natasha


Innate Abilities, Weirdness & Mutations

You have a beak for a mouth.
You have claws for feet.
You can fly.


Message History

You are feeling hungry.
Natasha claws you but does no damage.
You hit Natasha.
Natasha is heavily wounded.
You feel sick.
Natasha zaps a wand.
You feel yourself slow down.
You closely miss Natasha. Your kick misses Natasha.
Natasha is heavily wounded.
Natasha howls an incantation.
Natasha shimmers violently.
Natasha claws you.
* * * LOW HITPOINT WARNING * * *
Natasha casts a spell at you. You resist with some effort.
It was a potion of cure mutation.
It has a very clean taste.
You feel sick.
Natasha drinks a potion.
Natasha is healed!
Natasha misses you.
Some of the chunks of flesh in your inventory have rotted away.
You feel very mighty all of a sudden.
You flicker for a moment.
Natasha stares at you and mumbles some strange words.
The magic dart hits you!
You die...

##### #.... #....#####
#....#...#
#....#.@.#############
+....%..h'............
#....#...###.........#
######...# #.#######.#
#...# #.# #(..# #.#
##### #.# #
########.##### .
+............#######


You could see Natasha.

Vanquished Creatures
  Jessica (D:2)
  Natasha (D:3)
  7 gnolls (D:2)
  11 adders
  An ooze (D:1)
  2 adder zombies (D:1)
  A worm (D:3)
  A dart slug (D:1)
  A leopard gecko (D:2)
  3 giant cockroaches
  5 goblins
  5 hobgoblins
  3 jackals (D:1)
  A ball python (D:2)
  2 bats (D:1)
  9 kobolds
  4 rats
58 creatures vanquished.

Notes
Turn   | Place    | Note
-------+----------+-------------------------------------------
     0 | D:1      | AlphabetPasta the Tengu Fighter began the quest for the Orb.
     0 | D:1      | Reached XP level 1. HP: 14/14 MP: 2/2
    27 | D:1      | Reached XP level 2. HP: 17/19 MP: 3/3
   226 | D:1      | Reached XP level 3. HP: 23/23 MP: 4/4
   502 | D:1      | You fall through a shaft!
   670 | D:2      | Found a sacrificial altar of Ru.
   825 | D:2      | Reached XP level 4. HP: 26/28 MP: 5/5
  1455 | D:2      | Reached skill level 1 in Throwing
  1524 | D:2      | Noticed Jessica
  1530 | D:2      | Reached skill level 1 in Dodging
  1530 | D:2      | Gained mutation: You can fly. [Tengu growth]
  1530 | D:2      | Reached XP level 5. HP: 28/32 MP: 6/6
  1534 | D:2      | Killed Jessica
  2074 | D:3      | Reached XP level 6. HP: 37/37 MP: 7/7
  2167 | D:3      | Noticed Natasha
  2173 | D:3      | Killed Natasha
  2193 | D:3      | Noticed Natasha
  2205 | D:3      | Killed from afar by Natasha

Skill      XL: |  1  2  3  4  5  6 |
---------------+-------------------+-----
Long Blades    | 3 4 |  4.0
Throwing       | 1 2 |  2.2
Armour         | 4 |  4.3
Dodging        | 1 |  1.9
Fighting       | |  3.6
Shields        | |  3.7

Action                   |  1- 3 |  4- 6 || total
-------------------------+-------+-------++-------
Melee: Long sword        |    60 |   123 ||   183
       Kick              |    21 |    32 ||    53
       Peck              |     7 |    24 ||    31
  Use: Scroll            |     7 |     2 ||     9
       Potion            |       |     4 ||     4
 Stab: Distracted        |     1 |       ||     1
  Eat: Chunk             |       |     4 ||     4
Armor: Scale mail        |    19 |    41 ||    60
Dodge: Dodged            |    19 |    27 ||    46
Block: Shield            |    22 |    49 ||    71
       Rpst.: Long sword |     6 |     9 ||    15
